 Dungeon Crawl Stone Soup version 0.32-a0-953-g508020473e (webtiles) character file.

Game seed: 16247787572254774705

1162 HilariousDeathArtist the Fighter (level 8, -5/71 HPs)
             Began as a Coglin Cinder Acolyte on Apr 16, 2024.
             Was a High Priest of Ignis.
             Slain by a water moccasin (7 damage)
             ... on level 6 of the Dungeon.
             The game lasted 00:06:21 (6124 turns).

HilariousDeathArtist the Fighter (CoCA)             Turns: 6124, Time: 00:06:21

Health: -5/71      AC:  2    Str: 16    XL:     8   Next: 39%
Magic:  12/12      EV: 10    Int: 14    God:    Ignis [*****.]
Gold:   123        SH:  0    Dex: 10    Spells: 11/13 levels left

rFire   + . .        a - -1 mace (flame) {Djefatnebti}
rCold   . . .        k - +0 flail {Manveen}
rNeg    . . .        b - +0 robe
rPois   .            (no helmet)
rElec   .            (no cloak)
rCorr   .            (no gloves)
SInv    .            (no boots)
Will    .....        (amulet unavailable)
Stlth   +            (ring unavailable)
HPRegen 0.31/turn    (ring unavailable)
MPRegen 0.13/turn    (no gizmo)

%: no passive effects
@: mighty, revved
A: off-hand wielding, slow wielding, warmup strikes, no jewellery
a: Invent Gizmo, Renounce Religion, Fiery Armour, Foxfire Swarm, Rising Flame


You were on level 6 of the Dungeon.
You worshipped Ignis.
Ignis was extremely pleased with you.
You visited 1 branch of the dungeon, and saw 6 of its levels.

You collected 283 gold pieces.
You spent 160 gold pieces at shops.

Inventory:

Hand Weapons
 a - a -1 mace of flaming (weapon) {Djefatnebti}
 k - a +0 flail (offhand) {Manveen}
   (You took it off a gnoll on level 1 of the Dungeon)
 l - a +1 scythe of venom
   (You took it off Sigmund on level 4 of the Dungeon)
 o - a +0 sling
   (You found it on level 2 of the Dungeon)
 q - a +0 sling
   (You took it off a goblin on level 2 of the Dungeon)
Missiles
 s - 4 stones
 v - 7 poisoned darts
 w - a throwing net {!d}
 y - 4 boomerangs
 D - 4 curare-tipped darts
Armour
 b - a +0 robe (worn)
Magical Staves
 j - a staff of fire {rF+}
   (You found it on level 3 of the Dungeon)
Wands
 e - a wand of charming (8)
   (You took it off an orc priest on level 6 of the Dungeon)
Scrolls
 f - 2 scrolls of blinking {unknown}
 g - a scroll of torment {unknown}
 h - a scroll of noise {unknown}
 p - 4 scrolls of identify {@r1}
 r - a scroll of immolation {unknown}
 t - a scroll of enchant armour {unknown}
 u - a scroll of amnesia {unknown}
 z - a scroll of fear {unknown}
 Y - 4 scrolls of teleportation {@r3}
Potions
 c - 3 potions of attraction {!q}
 d - a potion of cancellation {unknown}
 i - 2 potions of heal wounds {unknown}
 m - 2 potions of enlightenment {unknown}
 x - a potion of lignification {unknown}
 A - 2 potions of degeneration {unknown}
 B - 2 potions of mutation {unknown}
 C - 2 potions of brilliance {unknown}
 H - 2 potions of haste
 J - 3 potions of curing {@q1}
 M - 2 potions of might


   Skills:
 - Level 9.4 Fighting
 - Level 3.0 Maces & Flails
 + Level 3.0 Spellcasting
 - Level 2.6 Fire Magic


You had 11 spell levels left.
You knew the following spells:

 Your Spells              Type           Power      Damage    Failure   Level
a - Scorch                Fire           18%        2d5       11%         2

Your spell library contained the following spells:

 Spells                   Type           Power      Damage    Failure   Level
 Apportation              Tloc           4%         N/A       22%         1
 Necrotise                Necr           8%         1d4       22%         1
 Sting                    Conj/Alch      8%         1d3       22%         1
 Summon Small Mammal      Summ           8%         N/A       22%         1
 Mercury Vapours          Alch/Air       4%         N/A       32%         2
 Frozen Ramparts          Ice            4%         1d1       54%         3
 Mephitic Cloud           Conj/Alch/Air  2%         N/A       54%         3
 Ozocubu's Armour         Ice            2%         N/A       54%         3
 Freezing Cloud           Conj/Ice/Air   1%         6-21      99%         5
 Metabolic Englaciation   Hex/Ice        1%         N/A       99%         5


Dungeon Overview and Level Annotations

Branches:
Dungeon (6/15)             Temple (0/1) D:6

Altars:
Elyvilon
Gozag
Xom
Zin
The Shining One

Shops:
D:4 !

Annotations:
D:5 2 runed translucent doors, AutarchDCSS's ghost, novice DrHs
D:6 Jeremiah


Innate Abilities, Weirdness & Mutations

You can wield a second weapon in your off-hand.
It takes a long time for you to wield or remove held weapons.
Your first few attacks do less damage.
You cannot equip rings or amulets.


Message History

You now have 123 gold pieces (gained 37).
e - a wand of charming (8);
n - 3 cyan potions
Items here: ))) [[ ††.
Found a stone staircase leading down.
There is a stone staircase leading down here.
There is a stone staircase leading up here.
A water moccasin comes into view.
Found a staircase to the Ecumenical Temple.
Health restored: 71 The water moccasin hisses angrily.
You closely miss the water moccasin with your +0 flail.
You closely miss the water moccasin with your -1 mace of flaming.
The water moccasin bites you!
You are poisoned.
The water moccasin poisons you! The water moccasin barely misses you.
You take 8 damage, and have 63/71 hp.
You closely miss the water moccasin with your +0 flail.
You barely miss the water moccasin with your -1 mace of flaming.
You feel very sick. The water moccasin bites you.
You are more poisoned.
The water moccasin poisons you! The water moccasin bites you!
You are more poisoned.
The water moccasin poisons you!
You take 13 damage, and have 50/71 hp.
You barely miss the water moccasin with your +0 flail.
You hit the water moccasin with your -1 mace of flaming.
You burn the water moccasin.
You feel extremely sick. The water moccasin bites you. x2
You take 19 damage, and have 31/71 hp.
MASSIVE DAMAGE!!
You feel better. The water moccasin barely misses you.
You regained 6 hp, and now have 37/71 hp.
You are too injured to fight recklessly!
You are too injured to fight recklessly!
You are too injured to fight recklessly!
Unknown command.
You closely miss the water moccasin with your -1 mace of flaming.
You barely miss the water moccasin with your +0 flail.
The water moccasin bites you.
You are poisoned.
The water moccasin poisons you! The water moccasin bites you.
You take 7 damage, and have 30/71 hp.
You closely miss the water moccasin with your +0 flail.
You closely miss the water moccasin with your -1 mace of flaming.
You feel very sick. The water moccasin barely misses you.
You take 3 damage, and have 27/71 hp.
You hit the water moccasin with your +0 flail.
You hit the water moccasin but do no damage.
You feel sick. The water moccasin bites you. The water moccasin bites you!
* * * LOW HITPOINT WARNING * * *
You take 11 damage, and have 16/71 hp.
You closely miss the water moccasin with your +0 flail.
You barely miss the water moccasin with your -1 mace of flaming.
You feel sick. The water moccasin barely misses you.
The water moccasin bites you.
* * * LOW HITPOINT WARNING * * *
You take 2 damage, and have 14/71 hp.
You closely miss the water moccasin with your -1 mace of flaming.
You hit the water moccasin with your +0 flail.
You feel sick. The water moccasin bites you.
* * * LOW HITPOINT WARNING * * *
You are lethally poisoned!
The water moccasin poisons you! The water moccasin closely misses you.
You take 3 damage, and have 11/71 hp.
You feel better. The water moccasin bites you.
* * * LOW HITPOINT WARNING * * *
You are poisoned.
The water moccasin poisons you!
You regained 4 hp, and now have 15/71 hp.
You feel better. The water moccasin bites you.
* * * LOW HITPOINT WARNING * * *
You regained 6 hp, and now have 21/71 hp.
You barely miss the water moccasin with your -1 mace of flaming.
You hit the water moccasin with your +0 flail.
The water moccasin closely misses you. The water moccasin bites you.
* * * LOW HITPOINT WARNING * * *
You take 2 damage, and have 19/71 hp.
You completely miss the water moccasin with your -1 mace of flaming.
You closely miss the water moccasin with your +0 flail.
The water moccasin bites you!
* * * LOW HITPOINT WARNING * * *
The water moccasin bites you!
* * * LOW HITPOINT WARNING * * *
You are lethally poisoned!
The water moccasin poisons you!
You take 16 damage, and have 3/71 hp.
MASSIVE DAMAGE!!
You feel better. The water moccasin bites you.
* * * LOW HITPOINT WARNING * * *
You take 1 damage, and have 2/71 hp.
It was a potion of might.
You feel very mighty all of a sudden.
M - 2 potions of might The water moccasin completely misses you.
The water moccasin bites you!
You die...
Ignis goes out, and joins you in death.

........#
#####.###.....#
#########
#.............#
#.............#
#..........####
#..........#
#######...##
##.........###
#...###.>.)..#
#.⌠@# #....#.#
#..S# #....#.#
.............#.#
#.⌠..>..⌠..####.#
#..........#
#[#######
####...#####
#.......# #.⌠.#
#######.# #...#
#.# ###○#


You could see a water moccasin.

Vanquished Creatures
  Sigmund (D:4)
  A black bear (D:5)
  An ice beast (D:6)
  A phantom (D:4)
  Blork the orc (D:6)
  A bullfrog (D:6)
  A howler monkey (D:6)
  2 bombardier beetles
  A jelly (D:5)
  2 orc priests (D:6)
  A gnoll bouda (D:5)
  3 hounds
  2 iguanas
  2 orc wizards (D:6)
  5 gnolls
  6 adders
  3 white imps
  A ribbon worm (D:5)
  A dart slug (D:1)
  5 orcs
  6 bats
  An endoplasm (D:4)
  3 giant cockroaches
  2 hobgoblins (D:1)
  8 jackals
  3 quokkas
  5 ball pythons
  A frilled lizard (D:2)
  9 goblins
  10 kobolds
  7 rats
96 creatures vanquished.

Notes
Turn   | Place    | Note
-------+----------+-------------------------------------------
     0 | D:1      | HilariousDeathArtist the Coglin Cinder Acolyte began the
                  | quest for the Orb.
     0 | D:1      | Reached XP level 1. HP: 18/18 MP: 2/2
   245 | D:1      | Reached skill level 3 in Maces & Flails
   245 | D:1      | Reached XP level 2. HP: 24/24 MP: 3/3
   370 | D:1      | Reached XP level 3. HP: 22/30 MP: 4/4
   464 | D:1      | Reached skill level 4 in Fighting
  1318 | D:2      | Reached XP level 4. HP: 33/38 MP: 5/5
  1465 | D:2      | Found a shimmering altar of Xom.
  1712 | D:3      | Reached skill level 5 in Fighting
  2195 | D:3      | Learned a level 2 spell: Scorch
  2292 | D:3      | Reached XP level 5. HP: 36/44 MP: 3/6
  2489 | D:3      | Found a white marble altar of Elyvilon.
  2597 | D:4      | Reached skill level 6 in Fighting
  2736 | D:4      | Noticed a phantom
  2754 | D:4      | Killed a phantom
  2755 | D:4      | Reached XP level 6. HP: 19/53 MP: 1/7
  3375 | D:5      | Entered Level 5 of the Dungeon
  3375 | D:5      | Found a runed translucent door.
  3380 | D:5      | Noticed AutarchDCSS's ghost (novice DrHs)
  3563 | D:5      | Found a runed translucent door.
  3673 | D:4      | Found Ruoquph's Distillery.
  3689 | D:4      | Reached skill level 7 in Fighting
  3754 | D:4      | Bought a potion of curing for 30 gold pieces
  3754 | D:4      | Bought a potion of haste for 100 gold pieces
  3754 | D:4      | Bought a potion of attraction for 30 gold pieces
  3783 | D:4      | Noticed Sigmund
  3794 | D:4      | Killed Sigmund
  3795 | D:4      | Reached XP level 7. HP: 47/61 MP: 1/8
  3986 | D:5      | Found a glowing silver altar of Zin.
  4039 | D:5      | Found an opulent altar of Gozag.
  4178 | D:5      | Reached skill level 8 in Fighting
  4734 | D:6      | Noticed Jeremiah
  5011 | D:6      | Found a glowing golden altar of the Shining One.
  5385 | D:6      | Noticed Blork the orc
  5422 | D:6      | Killed Blork the orc
  5423 | D:6      | Reached skill level 9 in Fighting
  5423 | D:6      | Reached XP level 8. HP: 54/71 MP: 0/9
  5746 | D:6      | Reached skill level 2 in Spellcasting
  5842 | D:6      | Reached skill level 3 in Spellcasting
  5842 | D:6      | HP: 13/71 [orc/+0 falchion (7)]
  6107 | D:6      | Found a staircase to the Ecumenical Temple.
  6116 | D:6      | HP: 16/71 [water moccasin (8)]
  6122 | D:6      | HP: 12/71 [water moccasin (8)]
  6122 | D:6      | HP: 3/71 [water moccasin (9)]
  6124 | D:6      | Slain by a water moccasin

Illustrated notes

Levels and vault maps discovered:
D:1:      dpeg_arrival_circle_labyrinth_c, layout_loops_ring
D:2:      layout_rooms, basic_altar, st_stairs_7, minmay_misc_feat_roman
D:3:      layout_loops_ring, mainiacjoe_overflow_alcove_1,
          minmay_misc_feat_nine_boxes, grunt_decor_mini_mirrors,
          cheibrodos_gnoll_hut
D:4:      layout_basic, serial_shops, nicolae_shop_tiny_statue_garden,
          uniq_sigmund
D:5:      layout_basic, nicolae_gozag_cash_rules_everything_around_me,
          mainiacjoe_overflow_surrounded_room, ebering_ghost_sewer_f
D:6:      layout_basic, general_overflow_altar, minmay_temple_entry_junction,
          uniq_blork_the_orc, uniq_jeremiah

Skill      XL: |  1  2  3  4  5  6  7  8 |
---------------+-------------------------+-----
Maces & Flails | 3 |  3.0
Fighting       | 4 5 6 7 9 |  9.4
Spellcasting   | 3 |  3.0
Fire Magic     | |  2.6

Action                     |  1- 3 |  4- 6 |  7- 9 || total
---------------------------+-------+-------+-------++-------
  Melee: Mace              |    85 |    61 |    65 ||   211
         Dagger            |    34 |       |       ||    34
         Flail             |    39 |    53 |    61 ||   153
  Throw: Stone             |    29 |    13 |       ||    42
   Cast: Scorch            |       |    19 |    30 ||    49
    Use: Potion            |       |       |     6 ||     6
         Scroll            |       |       |     1 ||     1
 Armour: Robe              |    42 |    54 |    87 ||   183
  Dodge: Dodged            |    55 |    31 |    52 ||   138

Table legend: (Time is in decaauts)
 A = Elapsed time spent in this place.
 B = Non-inter-level travel time spent in this place.
 C = Inter-level travel time spent in this place.
 D = Time resting spent in this place.
 E = Time spent auto-exploring this place.
 F = Levels seen in this place.
 G = Mean time per level.
                   A        B        C        D        E       F      G
               +--------+--------+--------+--------+--------+-----+--------+
         Total |   6178 |   5757 |    421 |     21 |   4989 |   6 | 1029.7 |
       Dungeon |   6178 |   5757 |    421 |     21 |   4989 |   6 | 1029.7 |
               +--------+--------+--------+--------+--------+-----+--------+

Top non-repeatable levels by time:
     D:5: 1520 daAuts
     D:1: 1117 daAuts
     D:4: 1032 daAuts
     D:6: 1003 daAuts
     D:3: 889 daAuts
     D:2: 614 daAuts

Levels and vault maps discovered:
D:1:      dpeg_arrival_circle_labyrinth_c, layout_loops_ring
D:2:      layout_rooms, basic_altar, st_stairs_7, minmay_misc_feat_roman
D:3:      layout_loops_ring, mainiacjoe_overflow_alcove_1,
          minmay_misc_feat_nine_boxes, grunt_decor_mini_mirrors,
          cheibrodos_gnoll_hut
D:4:      layout_basic, serial_shops, nicolae_shop_tiny_statue_garden,
          uniq_sigmund
D:5:      layout_basic, nicolae_gozag_cash_rules_everything_around_me,
          mainiacjoe_overflow_surrounded_room, ebering_ghost_sewer_f
D:6:      layout_basic, general_overflow_altar, minmay_temple_entry_junction,
          uniq_blork_the_orc, uniq_jeremiah

Table legend: (Time is in decaauts)
 A = Elapsed time spent in this place.
 B = Non-inter-level travel time spent in this place.
 C = Inter-level travel time spent in this place.
 D = Time resting spent in this place.
 E = Time spent auto-exploring this place.
 F = Levels seen in this place.
 G = Mean time per level.
                   A        B        C        D        E       F      G
               +--------+--------+--------+--------+--------+-----+--------+
         Total |   6178 |   5757 |    421 |     21 |   4989 |   6 | 1029.7 |
       Dungeon |   6178 |   5757 |    421 |     21 |   4989 |   6 | 1029.7 |
               +--------+--------+--------+--------+--------+-----+--------+

Top non-repeatable levels by time:
     D:5: 1520 daAuts
     D:1: 1117 daAuts
     D:4: 1032 daAuts
     D:6: 1003 daAuts
     D:3: 889 daAuts
     D:2: 614 daAuts

Table legend:
 A = Kills in this place as a percentage of kills in the entire game.
 B = Kills by you in this place as a percentage of kills by you in the entire game.
 C = Kills by friends in this place as a percentage of kills by friends in the entire game.
 D = Other kills in this place as a percentage of other kills in the entire game.
 E = Experience gained in this place as a percentage of experience gained in the entire game.
 F = Experience gained in this place divided by the number of levels of this place that you have seen.
                   A       B       C       D       E      F
               +-------+-------+-------+-------+-------+----------------------
         Total | 100.0 | 100.0 |   N/A |   N/A | 100.0 | 276.7
       Dungeon | 100.0 | 100.0 |   N/A |   N/A | 100.0 | 276.7
               +-------+-------+-------+-------+-------+----------------------
